 Seeded DCSS version 0.28.0-1-gb440e238dd (webtiles) character file.

Game seed: 3877315361671131789 (custom seed)

39 hikkokomori the Digger (level 3, 0/19 HPs)
             Began as a Gargoyle Earth Elementalist on Feb 21, 2022.
             Frozen to death by an endoplasm (1 damage)
             ... on level 2 of the Dungeon.
             The game lasted 00:03:01 (1502 turns).

hikkokomori the Digger (GrEE)                       Turns: 1502, Time: 00:03:02

Health: 0/19       AC:  5    Str: 11    XL:     3   Next: 47%
Magic:  6/6        EV: 12    Int: 17    God:
Gold:   50         SH:  0    Dex: 10    Spells: 5/6 levels left

rFire   . . .      SeeInvis .   e - +0 dagger
rCold   . . .      Faith    .   (no shield)
rNeg    + . .      Spirit   .   b - +0 robe
rPois   ∞          Reflect  .   (no helmet)
rElec   +          Harm     .   (no cloak)
rCorr   .          Rampage  .   (no gloves)
Will    .....                   (no boots)
Stlth   ++........              (no amulet)
HPRegen 0.06/turn               (no ring)
MPRegen 0.10/turn               (no ring)

@: no status effects
A: sickness immunity, AC +3, negative energy resistance 1, electricity
resistance, torment resistance 1, petrification resistance
a: no special abilities


You were on level 2 of the Dungeon.
You visited 1 branch of the dungeon, and saw 2 of its levels.

You collected 50 gold pieces.

Inventory:

Hand Weapons
 e - a +0 dagger (weapon)
Armour
 b - a +0 robe (worn)
 c - a +0 hat
Scrolls
 a - a scroll of blinking {unknown}
 d - a scroll of vulnerability {unknown}
 g - a scroll of amnesia {unknown}
Potions
 f - 2 potions of resistance


   Skills:
 + Level 2.0 Dodging
 + Level 2.9 Stealth
 + Level 2.3 Spellcasting
 - Level 1.1 Transmutations
 + Level 4.0 Earth Magic


You had 5 spell levels left.
You knew the following spells:

 Your Spells              Type           Power      Damage    Failure   Level
a - Sandblast             Erth           30%        2d9       3%          1

Your spell library contained the following spells:

 Spells                   Type           Power      Damage    Failure   Level
 Passwall                 Tmut/Erth      8%         N/A       10%         2
 Stone Arrow              Conj/Erth      16%        3d8       24%         3
 Petrify                  Tmut/Erth      10%        N/A       54%         4


Dungeon Overview and Level Annotations

Branches:
Dungeon (2/15)

Altars:


Innate Abilities, Weirdness & Mutations

You are immune to sickness and miasma.
Your stone body is resilient. (AC +3)
You are immune to poison.
You resist negative energy. (rN+)
You are resistant to electric shocks. (rElec)
You are resistant to unholy torment.
You are immune to petrification.


Message History

The quokka barely misses you. x2
You hit the quokka.
You kill the quokka!
You barely miss the hobgoblin. The hobgoblin misses you.
You hit the hobgoblin.
The hobgoblin is moderately wounded.
The hobgoblin hits you but does no damage.
You closely miss the hobgoblin.
The hobgoblin is moderately wounded.
The hobgoblin barely misses you.
You hit the hobgoblin but do no damage.
The hobgoblin is moderately wounded.
The hobgoblin closely misses you.
You closely miss the hobgoblin.
The hobgoblin is moderately wounded.
You start to feel less resistant.
The hobgoblin hits you but does no damage.
You hit the hobgoblin.
The hobgoblin is severely wounded.
The hobgoblin hits you.
* * * LOW HITPOINT WARNING * * *
You closely miss the hobgoblin.
The hobgoblin is severely wounded.
The hobgoblin closely misses you.
You closely miss the hobgoblin.
The hobgoblin is severely wounded.
The hobgoblin misses you.
You hit the hobgoblin.
You kill the hobgoblin!
Your Dodging skill increases to level 2!
A frilled lizard comes into view.
Your resistance to elements expires.
The frilled lizard hisses angrily.
You barely miss the frilled lizard. The frilled lizard bites you.
* * * LOW HITPOINT WARNING * * *
The endoplasm hits you but does no damage.
You barely miss the frilled lizard. The endoplasm freezes you.
You are frozen.
You die...

####.#..(...S....###
.........K..J......#
####.#.###.#####.###
#.#.# #.# #.# #.#.#
#.# #.# #.#.# #.#
#S# #.... ... #K#
#...# #.# #J# #...#
#.# #@# #l# #.# #.#
#.# ..# ..# ..#


You could see an endoplasm, a ball python, a kobold and a frilled lizard.

Vanquished Creatures
  A dart slug (D:1)
  4 ball pythons
  2 endoplasms (D:1)
  A giant cockroach (D:1)
  2 goblins (D:1)
  4 hobgoblins
  7 kobolds (D:1)
  3 quokkas
  5 bats (D:1)
  2 frilled lizards (D:1)
  4 rats (D:1)
35 creatures vanquished.

Notes
Turn   | Place    | Note
-------+----------+-------------------------------------------
     0 | D:1      | hikkokomori the Gargoyle Earth Elementalist began the quest
                  | for the Orb.
     0 | D:1      | Reached XP level 1. HP: 10/10 MP: 3/3
   214 | D:1      | Reached skill level 1 in Transmutations
   214 | D:1      | Reached XP level 2. HP: 15/15 MP: 3/5
   757 | D:1      | Reached XP level 3. HP: 19/19 MP: 2/6
   849 | D:1      | Reached skill level 4 in Earth Magic
  1502 | D:2      | Frozen to death by an endoplasm

Illustrated notes

Levels and vault maps discovered:
D:1:      amcnicky_arrival_double_pillar, layout_basic
D:2:      layout_basic, uniq_sigmund

Skill      XL: |  1  2  3 |
---------------+----------+-----
Transmutations | 1 |  1.1
Earth Magic    | 4 |  4.0
Dodging        | 2 |  2.0
Stealth        | |  2.9
Spellcasting   | |  2.3

Action                   || total
-------------------------++-------
Melee: Unarmed           ||    10
       Dagger            ||    73
       Punch             ||     1
 Cast: Sandblast         ||    33
  Use: Potion            ||     1
 Stab: Sleeping          ||     5
Armor: Robe              ||    33
Dodge: Dodged            ||    75
